← All builds
Front / Armada / Economy first / OBSERVED BUILD

Standard front

Armada Front build order · Supreme Isthmus

Standard economy-first Front play: Bot Lab and Vehicle Plant up immediately, units trickle to the coast and middle, with an Advanced Metal Extractor around 9:00 as the eco transition.

#eco · 1699 distinct matches · 247 players · 74% of Armada Front games · team won 61% of 1993 · Recently observed

HOW TO PLAY IT

Key timing: T2 constructor by 7:43

  1. Open mex and wind, drop Bot Lab and Vehicle Plant almost immediately.
  2. Pump Blitz, Rocketeer and Pawn to the coast to stop leaks first.
  3. Add Centurion and Janus once first units are moving up.
  4. Form units into a line pushing toward middle as numbers grow.
  5. Upgrade to Advanced Metal Extractor as the economy transition kicks in.

Phase by phase

TYPICAL OF ITS 1699 GAMES
  1. 1
  2. 2
  3. 3
PLAY THE OPENING

Follow the example game's first 6:00 step by step: what to build now, what comes next, and where it goes. At 1× it keeps pace with your own game.

  1. 1

    Up to the Bot Lab

    Economy
    • Metal Extractor2Mex
    Order
    1. Bot LabBot Lab after 2 mex, 1 winddone ~0:44, middle half 0:33–0:54

    Some games also: wind (48%) · Vehicle Plant (35%)

    By 0:28 in all: 2 mex

    The example game in this phase · 2 steps
    1. Mex ×3
    2. Bot LabBot Labdone 0:46 · typical 0:44
  2. 2

    Bot Lab to 5:00

    Economy
    • Metal Extractor4Mex
    • Wind Turbine3Wind
    Builders
    • Construction Bot1 Con bot
    Army
    • Sentry1 Sentry
    • Rocketeer6 Rocketeer

    Some games also: Lazarus (49%) · tick (46%) · centurion (40%) · con vehicle (32%) · janus (32%)

    By 5:00 in all: 6 mex · 6 wind

    The example game in this phase · 42 steps
    1. TickTick
    2. Wind
    3. TickTick
    4. LazarusLazarus
    5. Wind
    6. PawnPawn ×3
    7. Construction BotCon bot ×2
    8. RocketeerRocketeer
    9. Mex
    10. RocketeerRocketeer ×2
    11. Mex
    12. RocketeerRocketeer ×2
    13. Radar TowerRadar Tower
    14. Wind
    15. RocketeerRocketeer ×2
    16. SentrySentry
    17. Wind
    18. RocketeerRocketeer
    19. SentrySentry
    20. RocketeerRocketeer
    21. Wind
    22. RocketeerRocketeer
    23. SentrySentry
    24. RocketeerRocketeer
    25. Mex
    26. Wind
    27. RocketeerRocketeer
    28. Mex
    29. SentrySentry
    30. RocketeerRocketeer ×2
    31. Wind
    32. SentrySentry
    33. RocketeerRocketeer
    34. SentrySentry
    35. Wind
    36. Radar TowerRadar Tower
    37. RocketeerRocketeer
    38. Mex
    39. RocketeerRocketeer
    40. Con turret
    41. Dragon's TeethDragon's Teeth
    42. RocketeerRocketeer
  3. 3

    5:00 to 10:00

    Economy
    • Metal Extractor1Mex
    • Wind Turbine14Wind
    Builders
    • Construction Turret2 Con turret
    Army
    • Sentry1 Sentry

    Some games also: rocketeer (46%) · energy storage (43%) · Lazarus (38%) · con bot (37%) · Radar Tower (36%)

    By 10:00 in all: 7 mex · 24 wind · 1 energy storage · 3 con turret

    The example game in this phase · 136 steps
    1. Dragon's TeethDragon's Teeth ×4
    2. RocketeerRocketeer
    3. Dragon's TeethDragon's Teeth ×5
    4. RocketeerRocketeer
    5. Dragon's TeethDragon's Teeth ×3
    6. RocketeerRocketeer
    7. Dragon's TeethDragon's Teeth ×4
    8. RocketeerRocketeer
    9. SentrySentry
    10. RocketeerRocketeer ×2
    11. Wind
    12. Advanced Metal ExtractorT2 mexdone 6:53 · typical 9:01
    13. RocketeerRocketeer
    14. TickTick ×3
    15. BeholderBeholder
    16. Wind
    17. TickTick ×2
    18. Sneaky PeteSneaky Pete
    19. TickTick ×2
    20. Wind
    21. Advanced Metal ExtractorT2 mex
    22. TickTick
    23. Wind
    24. TickTick ×3
    25. Wind
    26. TickTick
    27. Wind ×2
    28. TickTick ×2
    29. Wind
    30. TickTick ×2
    31. Wind
    32. TickTick ×2
    33. Wind ×2
    34. Sneaky PeteSneaky Pete
    35. TickTick ×2
    36. Wind ×2
    37. TickTick ×2
    38. Wind
    39. TickTick ×2
    40. Wind
    41. TickTick
    42. Advanced Metal ExtractorT2 mex
    43. TickTick
    44. Wind
    45. TickTick ×2
    46. SentrySentry
    47. Con turret
    48. TickTick
    49. Wind
    50. TickTick
    51. SentrySentry
    52. TickTick
    53. SentrySentry
    54. TickTick
    55. SentrySentry
    56. TickTick
    57. Wind
    58. TickTick ×3
    59. SentrySentry
    60. TickTick ×3
    61. Wind
    62. TickTick
    63. Advanced Metal ExtractorT2 mex
    64. TickTick
    65. Construction BotCon bot
    66. Wind
    67. TickTick
    68. Sneaky PeteSneaky Pete
    69. Wind
    70. TickTick
    71. Con turret
    72. TickTick
    73. Wind
    74. TickTick ×2
    75. Wind
    76. TickTick
    77. Con turret ×2
    78. Wind ×2
    79. TickTick ×10
    80. Advanced solar
    81. TickTick
    82. RattlesnakeRattlesnakedone 12:07
    83. TickTick ×3
    84. Advanced solar
    85. TickTick ×3
    86. Advanced solar
    87. TickTick
    88. SentrySentry
    89. TickTick
    90. Radar TowerRadar Tower
    91. TickTick ×2
    92. Advanced solar
    93. Sneaky PeteSneaky Pete
    94. Pit BullPit Bull
    95. TickTick ×3
    96. SentrySentry
    97. TickTick ×2
    98. Advanced Bot LabAdvanced Bot Labdone 13:14
    99. TickTick ×7
    100. Pit BullPit Bull
    101. TickTick ×2
    102. KeeperKeepernot finished by 15:00
    103. TickTick ×2
    104. ButlerButler
    105. TickTick
    106. Wind ×2
    107. TickTick
    108. ButlerButler
    109. TickTick ×3
    110. Wind
    111. ButlerButler
    112. TickTick ×2
    113. Wind
    114. TickTick
    115. Wind
    116. TickTick
    117. Wind ×2
    118. ButlerButler
    119. TickTick
    120. Wind ×2
    121. TickTick
    122. Wind
    123. ButlerButler
    124. TickTick
    125. Wind ×2
    126. TickTick ×2
    127. Wind
    128. ButlerButler
    129. Radar TowerRadar Tower
    130. TickTick
    131. Wind ×3
    132. TickTick
    133. SentrySentry
    134. Wind ×2
    135. TickTick ×2
    136. Radar TowerRadar Tower

Counts are medians over the build's games: half of them build more, half fewer. The example game is Tism_Contingency's (31 OS, 25/09/2026); pick another.

Team trades

IN AT LEAST 30% OF ITS GAMES

You hand over

Nothing regular.

You get

  • Tidal Generator4 Tidal from Pondfirst at 0:17 · in 68% of games
  • Advanced Construction Bot1 T2 con bot from Geo or Techfirst at 7:23 · in 64% of games

How it plays out

Typical game of this build, running totals by minute

Metal produced

010k20k30k
0:005:0010:0015:00

metal

Enemy metal destroyed

05k10k
0:005:0010:0015:00

metal

Own metal lost

05k10k
0:005:0010:0015:00

metal

1993 games.

Show as table
ByMetal produced: This buildEnemy metal destroyed: This buildOwn metal lost: This build
1:0033300
2:008402131
3:001618135108
4:002699522333
5:0038471127787
6:00503519231427
7:00624927142302
8:00753435443173
9:00897343264069
10:001053850054807
11:001237355335547
12:001452759766408
13:001685764686999
14:001922071637826
15:002185478688687
WHAT THE NUMBERS SAY

Standard Front play wins more often than Suicide front and produces more metal by 15:00 while losing less of it.

  • + Metal produced reaches 22627 by 15:00, well above Suicide front's 20142.
  • + Own metal lost is 8944 by 15:00, lower than enemy metal destroyed ratio of Suicide front.
  • − First unit lost already at 1:43, showing exposure despite the safer position.
  • − Blitz dominates army share at 25%, leaving fewer Centurion for anti-swarm.
THE EXAMPLE YOU ARE READING

Tism_Contingency

31.1 OS · 25/09/2026

Open source match ↗

5 received units · includes a constructor
7 metal received · 7786 energy received

Allied construction assistance is unknown. Timings are observations, not a promise of solo reproducibility.

Typical milestones

Bot Lab0:44Middle 50%: 0:33–0:54 · n=1331
Vehicle Plant0:47Middle 50%: 0:41–1:14 · n=1285
Advanced Metal Extractor9:01Middle 50%: 8:09–10:15 · n=1563

Played most by

haaven107games of this buildHummell107games of this buildLeohvm93games of this buildTheGeneraI75games of this buildXad69games of this build